 Dungeon Crawl Stone Soup version 0.29.1-15-g9cfb28693d (webtiles) character file.

Game seed: 2398759681075609239

961 BuddhaDhamma the Cleaver (level 7, 0/57 HPs)
             Began as a Minotaur Berserker on Mar 4, 2023.
             Was a Priest of Trog.
             Succumbed to a gnoll sergeant's poison
             ... on level 7 of the Dungeon.
             The game lasted 00:07:01 (3632 turns).

BuddhaDhamma the Cleaver (Minotaur Berserker)       Turns: 3632, Time: 00:07:02

Health: 0/57       AC: 16    Str: 24    XL:     7   Next: 92%
Magic:  6/6        EV:  7    Int:  4    God:    Trog [***...]
Gold:   261        SH:  0    Dex:  9    Spells: 6/6 levels left

rFire   . . .      SeeInvis .   a - +0 hand axe
rCold   . . .      Faith    .   (no shield)
rNeg    . . .      Spirit   .   y - +0 plate armour
rPois   .          Reflect  .   (helmet restricted)
rElec   .          Harm     .   (no cloak)
rCorr   .          Rampage  .   (no gloves)
Will    .....                   t - +0 pair of boots
Stlth   ..........              r - amulet of regeneration
HPRegen 0.99/turn               n - +4 ring of protection
MPRegen 0.10/turn               (no ring)

@: lethally poisoned (0 -> -18), marked
A: horns 2, retaliatory headbutt
a: Renounce Religion, Berserk, Trog's Hand


You were on level 7 of the Dungeon.
You worshipped Trog.
Trog was most pleased with you.
You visited 1 branch of the dungeon, and saw 5 of its levels.

You collected 261 gold pieces.

Inventory:

Hand Weapons
 a - a +0 hand axe (weapon)
Missiles
 g - 3 curare-tipped darts (quivered)
Armour
 t - a +0 pair of boots (worn)
 y - a +0 plate armour (worn)
Jewellery
 d - a ring of flight
 n - a +4 ring of protection (left hand)
 r - an amulet of regeneration (around neck)
 s - a ring of fire
Scrolls
 b - a scroll of brand weapon {unknown}
 e - 7 scrolls of identify {unknown}
 h - a scroll of vulnerability {unknown}
 i - 3 scrolls of fog {unknown}
 j - a scroll of summoning {unknown}
 k - a scroll of magic mapping {unknown}
 m - 2 scrolls of acquirement {unknown}
 o - a scroll of fear {unknown}
 p - a scroll of noise {unknown}
 q - 2 scrolls of enchant armour {unknown}
 v - a scroll of teleportation {unknown}
Potions
 c - a potion of degeneration
 f - a potion of curing {unknown}
 l - 3 potions of resistance
 u - a potion of heal wounds {unknown}
 w - a potion of brilliance {unknown}


   Skills:
 - Level 3.6 Fighting
 + Level 11.4 Axes
 - Level 2.4 Armour
 - Level 2.1 Dodging


You had 6 spell levels left.
You didn't know any spells.
Your spell library was empty.

Dungeon Overview and Level Annotations

Branches:
Dungeon (4/15)
 Temple: D:4-7

Altars:
Hepliaklqana
Okawaru
Xom

Shops:
D:3 (


Innate Abilities, Weirdness & Mutations

You have a pair of horns on your head.
You reflexively headbutt those who attack you in melee.


Message History

You hit the gnoll sergeant but do no damage.
The gnoll sergeant is heavily wounded.
You hit the hound.
You kill the hound!
Trog accepts your kill.
You feel very sick.
The centaur wields a +0 shortbow.
The centaur shoots an arrow.
The arrow barely misses you.
You hit the gnoll sergeant but do no damage.
You headbutt the gnoll sergeant.
The gnoll sergeant is severely wounded.
You feel very sick.
The gnoll sergeant hits you with a +3 trident of venom!
You are more poisoned.
You hit the gnoll sergeant.
The gnoll sergeant is almost dead.
You feel very sick.
The bullfrog swells and bulges.
The gnoll sergeant hits you but does no damage.
You closely miss the gnoll sergeant.
The gnoll sergeant is almost dead.
You feel very sick.
The gnoll sergeant hits you with a +3 trident of venom!
* * * LOW HITPOINT WARNING * * *
You are more poisoned.
You hit the gnoll sergeant but do no damage.
The gnoll sergeant is almost dead.
You hit the bullfrog.
* * * LOW HITPOINT WARNING * * *
You feel very sick.
The bullfrog hits you but does no damage.
You slash the gnoll sergeant!
You kill the gnoll sergeant!
Trog accepts your kill.
You hit the bullfrog.
* * * LOW HITPOINT WARNING * * *
You feel very sick. The bullfrog barely misses you. You furiously retaliate!
You headbutt the bullfrog!
You die...

######
......#
#......
##. ## .
....######
.......@.#
...#####F#
#c# #.#
####.#
#....# ###
#..#..##
##.. #..
##..##
##... ..h
##..##
##....


You could see a bullfrog and a centaur.

Vanquished Creatures
  A sky beast (D:7)
  Pargi (D:3)
  2 scorpions
  A gnoll sergeant (D:7)
  3 wights (D:7)
  The ghost of ChuckDuval the Shooter, a weakling DsHu (D:3)
  2 hounds
  3 orc priests
  An orc wizard (D:4)
  A centaur simulacrum (D:3)
  6 gnolls
  6 adders
  A white imp (D:4)
  2 worms (D:3)
  2 dart slugs
  3 adder simulacra (D:3)
  8 orcs
  5 endoplasms
  A giant cockroach (D:4)
  7 goblins
  9 hobgoblins
  7 jackals (D:3)
  5 kobolds
  2 quokkas
  9 ball pythons
  5 bats
  4 frilled lizards
  A giant cockroach simulacrum (D:3)
  6 rats
105 creatures vanquished.

Notes
Turn   | Place    | Note
-------+----------+-------------------------------------------
     0 | D:1      | BuddhaDhamma the Minotaur Berserker began the quest for the
                  | Orb.
     0 | D:1      | Reached XP level 1. HP: 19/19 MP: 0/0
   117 | D:1      | Reached skill level 4 in Axes
   154 | D:1      | Reached XP level 2. HP: 26/26 MP: 1/1
   670 | D:2      | Reached skill level 5 in Axes
   771 | D:2      | Reached XP level 3. HP: 22/31 MP: 2/2
  1186 | D:2      | Reached ** piety under Trog
  1207 | D:2      | Reached XP level 4. HP: 39/39 MP: 3/3
  1389 | D:2      | Reached skill level 6 in Axes
  1477 | D:3      | Noticed ChuckDuval's ghost (weakling DsHu)
  1507 | D:3      | Found Xuneytetz's Weapon Boutique.
  1657 | D:3      | Found an iron altar of Okawaru.
  1694 | D:3      | Identified the +7 mace of Fixation {vorpal, rElec rPois
                  | rCorr}
  1793 | D:3      | Noticed Pargi
  1804 | D:3      | Killed Pargi
  1805 | D:3      | Reached skill level 7 in Axes
  1805 | D:3      | Reached XP level 5. HP: 45/45 MP: 4/4
  1916 | D:3      | Reached skill level 8 in Axes
  2249 | D:3      | Found a runed translucent gate.
  2249 | D:3      | Found a runed translucent gate.
  2249 | D:3      | Found a runed translucent gate.
  2316 | D:3      | Killed ChuckDuval's ghost
  2317 | D:3      | Reached XP level 6. HP: 51/51 MP: 5/5
  2434 | D:4      | Reached *** piety under Trog
  2536 | D:4      | Found a shimmering altar of Xom.
  2613 | D:4      | Reached skill level 9 in Axes
  3110 | D:4      | Reached XP level 7. HP: 57/57 MP: 6/6
  3125 | D:4      | Found a hazy altar of Hepliaklqana.
  3340 | D:4      | You fall into a shaft and drop 3 floors!
  3371 | D:7      | Reached skill level 10 in Axes
  3471 | D:7      | Reached skill level 11 in Axes
  3632 | D:7      | Succumbed to a gnoll sergeant's poison

Illustrated notes

Levels and vault maps discovered:
D:1:      mrwooster_arrival_statue, layout_rooms
D:2:      layout_loops_cross
D:3:      layout_basic, okawaru_ov_weapons_minmay, serial_shops,
          nicolae_shop_trees, gammafunk_ghost_icy, uniq_pargi
D:4:      layout_loops_corners, mainiacjoe_overflow_tiny_flanked,
          mainiacjoe_overflow_24_doors, nicolae_zen_rock_garden
D:7:      layout_cave_pods, dreamdust_divine_triumvirate, tgw_kikubaaqudgha

Skill      XL: |  1  2  3  4  5  6  7 |
---------------+----------------------+-----
Axes           | 4 5 7 8 9 11 | 11.4
Fighting       | |  3.6
Armour         | |  2.4
Dodging        | |  2.1

Action                   |  1- 3 |  4- 6 |  7- 9 || total
-------------------------+-------+-------+-------++-------
Melee: Hand axe          |    77 |   137 |    71 ||   285
       Headbutt          |     8 |    26 |     8 ||    42
       Punch             |       |     2 |       ||     2
Throw: Dart              |       |     3 |       ||     3
Invok: Berserk           |       |     1 |     1 ||     2
  Use: Potion            |       |     4 |       ||     4
Armor: Plate armour      |    45 |    81 |    11 ||   137
       Animal skin       |     1 |       |       ||     1
       Chain mail        |       |       |    25 ||    25
Dodge: Dodged            |    38 |    40 |    19 ||    97
